 Dungeon Crawl Stone Soup version 0.17.0-23-g0de4337 (console) character file.

100 nht the Cudgeler (level 4, -1/63 HPs)
             Began as an Ogre Enchanter on Nov 14, 2015.
             Slain by a river rat (4 damage)
             ... on level 3 of the Dungeon.
             The game lasted 00:02:46 (2427 turns).

nht the Cudgeler (Ogre Enchanter)                   Turns: 2427, Time: 00:02:46

Health: -1/63      AC: 22    Str: 14    XL:     4   Next: 74%
Magic:  7/7        EV:  1    Int: 14    God:
Gold:   92         SH:  0    Dex: 10    Spells: 1 memorised, 6 levels left

rFire  . . .     SeeInvis +     e - +0 mace
rCold  . . .     Clarity  .     (armour currently unavailable)
rNeg   + + +     SustAt   .     (no shield)
rPois  +         Gourm    .     (helmet currently unavailable)
rElec  .         Spirit   .     (cloak currently unavailable)
rCorr  .         Warding  .     (gloves unavailable)
rMut   .         NoTele   +     (boots unavailable)
MR     .....                    (no amulet)
Stlth  ++........               (no ring)
                                j - ring of see invisible

@: tree-form, very slightly contaminated, not resistant to hostile enchantments,
unstealthy
A: unfitting armour, (tough skin 0)
a: no special abilities


You were on level 3 of the Dungeon.
You were not hungry.
You were a tree.
You visited 1 branch of the dungeon, and saw 3 of its levels.

You collected 92 gold pieces.

Inventory:

Hand Weapons
 a - a +1 dagger
 e - a +0 mace (weapon)
Missiles
 t - 4 tomahawks (quivered)
Armour
 b - a +2 robe (melded)
Jewellery
 j - a ring of see invisible (left branch)
Scrolls
 h - 2 scrolls of identify
 o - a scroll of recharging
Potions
 g - a potion of brilliance
 i - a potion of curing
 m - a potion of lignification
Books
 c - a book of Maledictions

   Spells                             Type                      Level
   a - Corona                         Hexes                        1
   b - Ensorcelled Hibernation        Hexes/Ice                    2
   c - Confuse                        Hexes                        3
   d - Tukima's Dance                 Hexes                        3
   e - Dazzling Spray                 Conjuration/Hexes            3
Comestibles
 d - 2 bread rations
 f - 2 slices of pizza
 n - a meat ration


   Skills:
 - Level 2.0 Fighting
 - Level 0.5 Short Blades
 + Level 5.0 Maces & Flails
 - Level 1.7 Dodging
 - Level 2.4 Stealth
 - Level 2.4 Spellcasting
 - Level 2.1 Hexes


You had 6 spell levels left.
You knew the following spells:

 Your Spells              Type           Power        Failure   Level  Hunger
a - Corona                Hex            #......      12%         1    #......


Dungeon Overview and Level Annotations

Branches:
Dungeon (3/15)

Altars:
Cheibriados
Elyvilon
Qazlal
Yredelemnul
The Shining One

Portals:
Sewer: D:3


Innate Abilities, Weirdness & Mutations

You are too large for most types of armour.
((You have tough skin (AC +1).))


Message History

You are too injured to fight recklessly!
You hit the river rat.
The river rat is heavily wounded.
The river rat bites you but does no damage.
The river rat bites you.
* * * LOW HITPOINT WARNING * * *
You hit the river rat but do no damage.
The river rat is heavily wounded.
The river rat bites you.
* * * LOW HITPOINT WARNING * * *
The river rat bites you but does no damage. x3
You barely miss the river rat.
The river rat is heavily wounded.
The river rat bites you but does no damage. x2
You hit the river rat but do no damage.
The river rat is heavily wounded.
The river rat bites you.
* * * LOW HITPOINT WARNING * * *
The river rat bites you.
You die... █.█. ████

..█. ███....
█.. ....%█ █
██...≈≈█ ██.
█..≈≈≈≈█ ...
█.≈≈≈≈≈█ ..█
█r≈≈≈s∩███..█
█r██████.█..█
█r██..██.█..█
█♣r...██.█..█
████........█
█████.████
███ █.█ ██..
█.██████...
█..........
████████...
██.█ █.█ █..
███


You could see 2 river rats and 2 rats.

Vanquished Creatures
  5 adders
  A river rat (D:3)
  2 giant geckos
  7 bats
  2 giant cockroaches
  3 goblins
  7 hobgoblins
  4 kobolds
  A quokka (D:2)
  A ball python (D:3)
  5 giant newts (D:1)
  8 rats
46 creatures vanquished.

Notes
Turn   | Place    | Note
--------------------------------------------------------------
     0 | D:1      | nht the Ogre Enchanter began the quest for the Orb.
     0 | D:1      | Reached XP level 1. HP: 16/16 MP: 3/3
    15 | D:1      | Reached skill level 1 in Fighting
    65 | D:1      | Reached XP level 2. HP: 11/28 MP: 5/5
    98 | D:1      | Reached skill level 1 in Maces & Flails
  1022 | D:2      | Found a snail-covered altar of Cheibriados.
  1034 | D:2      | Reached XP level 3. HP: 11/35 MP: 6/6
  1044 | D:1      | HP: 1/35 [hobgoblin/club (3)]
  1411 | D:2      | Found a white marble altar of Elyvilon.
  1439 | D:2      | Reached skill level 3 in Maces & Flails
  1881 | D:2      | Found a basalt altar of Yredelemnul.
  1947 | D:2      | Reached skill level 4 in Maces & Flails
  1947 | D:2      | Reached XP level 4. HP: 42/42 MP: 7/7
  2097 | D:2      | Found a stormy altar of Qazlal.
  2097 | D:2      | Found a glowing golden altar of the Shining One.
  2386 | D:3      | Found a glowing drain.
  2404 | D:3      | Reached skill level 5 in Maces & Flails
  2427 | D:3      | HP: 3/63 [river rat (6)]
  2427 | D:3      | Slain by a river rat

Action                   |  1- 3 |  4- 6 || total
-------------------------+-------+-------++-------
Melee: Dagger            |    36 |       ||    36
       Mace              |   112 |    66 ||   178
  Use: Potion            |     1 |     4 ||     5
       Scroll            |       |     5 ||     5
 Stab: Sleeping          |     5 |       ||     5
       Invisible         |       |     4 ||     4
  Eat: Chunk             |     3 |     2 ||     5
